 Dungeon Crawl Stone Soup version 0.31-a0-744-gbc345e7fcb (webtiles) character file.

Game seed: 1320768408450647609

3344 Aj7335 the Trooper (level 9, 0/58 (81) HPs)
             Began as a Minotaur Berserker on Sept 5, 2023.
             Was a Priest of Trog.
             Killed from afar by an electric eel (7 damage)
             ... with a bolt of electricity
             ... on level 7 of the Dungeon on Sept 13, 2023.
             The game lasted 00:20:52 (8752 turns).

Aj7335 the Trooper (Minotaur Berserker)             Turns: 8752, Time: 00:20:53

HP:   0/58 (81)     AC: 10    Str: 27    XL:     9   Next: 72%
MP:   8/8           EV: 10    Int:  4    God:    Trog [***...]
Gold: 344           SH:  0    Dex:  9    Spells: 8/8 levels left

rFire   . . .        x - +6 flail (protect)
rCold   . . .        (no shield)
rNeg    . . .        z - +0 chain mail
rPois   .            (helmet restricted)
rElec   .            (no cloak)
rCorr   .            (no gloves)
SInv    .            (no boots)
Will    .....        (no amulet) Stlth
                     (no ring)
HPRegen 0.29/turn    (no ring)
MPRegen 0.11/turn

%: no passive effects
@: very heavily drained
A: horns 2, retaliatory headbutt
a: Renounce Religion, Berserk, Trog's Hand


You were on level 7 of the Dungeon.
You worshipped Trog.
Trog was most pleased with you.
You visited 1 branch of the dungeon, and saw 7 of its levels.

You collected 344 gold pieces.

Inventory:

Hand Weapons
 a - a +0 hand axe
 l - a +4 quarterstaff
 x - a +6 flail of protection (weapon)
Missiles
 b - 76 stones (quivered)
 r - 13 poisoned darts
 B - 4 large rocks
Armour
 d - a +1 ring mail
 y - a +2 leather armour of fire resistance
 z - a +0 chain mail (worn)
Jewellery
 A - a ring of fire
Wands
 o - a wand of iceblast (3)
Scrolls
 c - 3 scrolls of identify {unknown}
 e - 2 scrolls of enchant armour
 f - a scroll of summoning {unknown}
 h - 2 scrolls of blinking {unknown}
 k - 2 scrolls of amnesia {unknown}
 m - 3 scrolls of vulnerability {unknown}
 n - a scroll of fog {unknown}
 p - 2 scrolls of teleportation {unknown}
 s - a scroll of torment {unknown}
 u - 2 scrolls of revelation {unknown}
 w - 2 scrolls of silence {unknown}
Potions
 g - 3 potions of resistance {unknown}
 i - 2 potions of degeneration
 q - a potion of ambrosia {unknown}
 t - a potion of cancellation {unknown}


   Skills:
 + Level 7.9 Fighting
 + Level 5.7(7.0) Axes
 + Level 6.1(8.8) Maces & Flails
 + Level 7.6(8.6) Staves
 + Level 0.5 Throwing
 + Level 7.6 Armour
 + Level 5.8 Dodging
 + Level 2.6 Stealth


You had 8 spell levels left.
You didn't know any spells.
Your spell library contained the following spells:

 Spells                   Type           Power      Damage    Failure   Level
 Stone Arrow              Conj/Erth      0%         3d7       100%        3
 Animate Armour           Summ/Erth      0%         N/A       100%        4
 Lehudib's Crystal Spear  Conj/Erth      0%         10d2      100%        8


Dungeon Overview and Level Annotations

Branches:
Dungeon (7/15)             Temple (0/1) D:6

Altars:
Elyvilon
Fedhas
Gozag
Makhleb
Okawaru
Wu Jian
Xom
Yredelemnul
Zin

Shops:
D:4 *   D:5 (   D:6 :

Annotations:
D:7 Jeremiah


Innate Abilities, Weirdness & Mutations

You have a pair of horns on your head.
You reflexively headbutt those who attack you in melee.


Message History

The stone hits the butterfly but does no damage.
Jeremiah throws their arms up pleadingly.
Something smites you!
* * * LOW HITPOINT WARNING * * *
Throw: 79 stones
Press: ? - help, Q - select action, (/) - cycle Shift-Dir - straight line, f/p - Jeremiah
Aim: Jeremiah, wielding a +4 trident of draining, wearing a +2 robe and wearing an orb of guile (severely wounded, 45% to hit)
You throw a stone. The stone barely misses the butterfly.
The stone hits the butterfly but does no damage.
The butterfly disappears in a burst of colours! x3
You feel better.
Throw: 78 stones
Press: ? - help, Q - select action, (/) - cycle Shift-Dir - straight line, f/p - Jeremiah
Aim: Jeremiah, wielding a +4 trident of draining, wearing a +2 robe and wearing an orb of guile (severely wounded, 45% to hit)
You throw a stone. The stone barely misses the butterfly.
The stone hits the butterfly.
You kill the butterfly!
The butterfly disappears in a burst of colours!
The butterfly disappears in a burst of colours!
Throw: 77 stones
Press: ? - help, Q - select action, (/) - cycle Shift-Dir - straight line, f/p - Jeremiah
Aim: Jeremiah, wielding a +4 trident of draining, wearing a +2 robe and wearing an orb of guile (severely wounded, 45% to hit)
You throw a stone.
The stone hits the butterfly but does no damage.
The butterfly disappears in a burst of colours!
Jeremiah's eyes momentarily flash bright red.
The butterfly disappears in a burst of colours!
The electric eel shoots out a bolt of lightning at you!
The bolt of electricity hits you!
* * * LOW HITPOINT WARNING * * *
There is a stone staircase leading down here.
You see here a poisoned dart.
r - 13 poisoned darts (gained 1)
The butterfly disappears in a burst of colours!
The electric eel shoots out a bolt of lightning at you!
The bolt of electricity hits you but does no damage.
Jeremiah hops!
The electric eel shoots out a bolt of lightning at you!
The bolt of electricity hits you!
You die...

b≈≈≈~ #..##.. ≈ ≈~≈
#..##.. ≈≈≈≈~S #..##..
....♣.♣ #......
####..)#############......
......†(.....b.((..F.(>...
########.>..##°.(##...##..
#.....bF...'...##..
#.@........#.......
##...##....#.......
##...##...##.......
#....##...##...##..
#.....#....#...##+#
#.....#....#....
#.....#....#.....
#.....#....#......
#.....#....#......


You could see Jeremiah and an electric eel.

Vanquished Creatures
  Pikel (D:4)
  A cyclops (D:7)
  A hornet (D:7)
  Edmund (D:5)
  3 water moccasins
  An orc warrior (D:6)
  2 sky beasts (D:7)
  A black bear (D:4)
  3 ogres
  2 kobold brigands
  Blork the orc (D:4)
  2 scorpions
  3 howler monkeys
  An orc priest (D:7)
  3 hounds
  3 jellies
  6 iguanas
  A sleepcap (D:5)
  9 orc wizards
  3 gnolls (D:4)
  7 adders
  A white imp (D:6)
  4 ufetubi
  A worm (D:2)
  3 dart slugs (D:1)
  18 orcs
  14 bats
  6 endoplasms
  A giant cockroach (D:2)
  9 goblins
  5 hobgoblins
  3 jackals (D:5)
  2 quokkas
  6 ball pythons
  4 frilled lizards (D:2)
  9 kobolds
  5 rats
146 creatures vanquished.

Vanquished Creatures (others)
  A gnoll bouda (D:7)
1 creature vanquished.

Grand Total: 147 creatures vanquished

Notes
Turn   | Place    | Note
-------+----------+-------------------------------------------
     0 | D:1      | Aj7335 the Minotaur Berserker began the quest for the Orb.
     0 | D:1      | Reached XP level 1. HP: 19/19 MP: 0/0
    89 | D:1      | Reached XP level 2. HP: 27/27 MP: 1/1
   393 | D:1      | Reached XP level 3. HP: 34/34 MP: 2/2
   506 | D:1      | Reached ** piety under Trog
  1461 | D:2      | Upgraded the game from 0.31-a0-675-g238779eb0a to
                  | 0.31-a0-691-g409c26aa35
  1468 | D:3      | Reached XP level 4. HP: 41/41 MP: 3/3
  2139 | D:3      | Found a shimmering altar of Xom.
  2176 | D:3      | Found an opulent altar of Gozag.
  2201 | D:3      | Reached skill level 5 in Axes
  2201 | D:3      | Reached XP level 5. HP: 32/47 MP: 4/4
  2503 | D:3      | Reached *** piety under Trog
  2512 | D:3      | Found a white marble altar of Elyvilon.
  3366 | D:4      | Reached skill level 1 in Staves
  3366 | D:4      | Reached XP level 6. HP: 52/53 MP: 5/5
  3396 | D:4      | Found an ornate altar of the Wu Jian Council.
  3499 | D:4      | Noticed Pikel
  3513 | D:4      | Killed Pikel
  3514 | D:4      | Reached skill level 5 in Fighting
  3514 | D:4      | Reached skill level 5 in Armour
  3514 | D:4      | Reached skill level 1 in Stealth
  3514 | D:4      | Reached XP level 7. HP: 61/61 MP: 6/6
  3573 | D:4      | Noticed Blork the orc
  3584 | D:4      | Killed Blork the orc
  4140 | D:4      | Upgraded the game from 0.31-a0-691-g409c26aa35 to
                  | 0.31-a0-702-gf82c85558f
  4369 | D:4      | Found Vutteer's Overcharged Wands.
  4405 | D:4      | Reached XP level 8. HP: 49/70 MP: 7/7
  4491 | D:4      | Reached skill level 5 in Staves
  4778 | D:5      | Entered Level 5 of the Dungeon
  5451 | D:5      | Found Vihyvoh's Weapon Shoppe.
  5557 | D:5      | Noticed Edmund
  5566 | D:5      | Killed Edmund
  6558 | D:6      | Found a blossoming altar of Fedhas.
  6571 | D:6      | Reached skill level 1 in Maces & Flails
  6653 | D:6      | Found a burning altar of Makhleb.
  6660 | D:6      | Found a glowing silver altar of Zin.
  6661 | D:6      | Noticed an angel
  6661 | D:6      | Noticed a balrug
  6674 | D:6      | Found an iron altar of Okawaru.
  6707 | D:6      | Reached XP level 9. HP: 79/79 MP: 8/8
  6791 | D:6      | Found a basalt altar of Yredelemnul.
  7671 | D:6      | Found a staircase to the Ecumenical Temple.
  7772 | D:6      | Found Ydiunang's Self-Improvement Boutique.
  7807 | D:6      | Upgraded the game from 0.31-a0-702-gf82c85558f to
                  | 0.31-a0-744-gbc345e7fcb
  7927 | D:7      | Reached skill level 5 in Dodging
  8067 | D:7      | Paralysed by a hornet for 1 turns
  8070 | D:7      | Paralysed by a hornet for 3 turns
  8443 | D:7      | Noticed a cyclops
  8452 | D:7      | Killed a cyclops
  8453 | D:7      | Reached skill level 5 in Maces & Flails
  8646 | D:7      | Noticed Jeremiah
  8672 | D:7      | HP: 1/74 [Jeremiah/divine providence (11)]
  8752 | D:7      | Killed from afar by an electric eel

Illustrated notes

Levels and vault maps discovered:
D:1:      orjb1_clovarrival, layout_basic
D:2:      layout_loops_ring
D:3:      layout_basic, lemuel_doored_altar, nicolae_overflow_hidden_temple,
          mainiacjoe_overflow_surrounded_room
D:4:      layout_loops_ring, nicolae_wu_jian_wuxing_cycle,
          nicolae_shop_overcharged_wands, uniq_blork_the_orc, uniq_pikel
D:5:      layout_loops_ring, serial_glass, glass_columns_a, glass_columns_a,
          glass_columns_a, glass_columns_a, glass_columns_a, glass_columns_b,
          glass_columns_a, glass_columns_b, glass_columns_b, glass_columns_a,
          glass_columns_c, glass_columns_a, glass_columns_b, glass_columns_a,
          cheibrodos_sewer_entry_sluice, serial_shops, shop, uniq_edmund
D:6:      layout_loops_ring, grunt_temple_overflow_order_and_chaos_2,
          lemuel_round_altar, mainiacjoe_overflow_chevrons,
          mainiacjoe_overflow_small_starburst, minmay_temple_entry_poolview,
          nicolae_shop_self_help
D:7:      nzn_winding_woodlands_medium [nzn_winding_woodlands_5x5_closed_star,
          nzn_winding_woodlands_5x15_eye, nzn_winding_woodlands_5x5_perimeter,
          nzn_winding_woodlands_5x5_default, nzn_winding_woodlands_center_lodge,
          nzn_winding_woodlands_5x5_default,
          nzn_winding_woodlands_5x5_checkerboard,
          nzn_winding_woodlands_5x15_river_crossing,
          nzn_winding_woodlands_5x5_default], layout_gridville,
          chequers_serial_rivers_room_b, uniq_jeremiah

Skill      XL: |  1  2  3  4  5  6  7  8  9 |
---------------+----------------------------+-----
Fighting       | 4 5 6 7 |  7.9
Axes           | 4 5 |  5.7
Armour         | 3 4 5 6 7 |  7.6
Dodging        | 3 4 5 |  5.8
Staves         | 1 4 7 |  7.6
Stealth        | 1 2 |  2.6
Maces & Flails | 1 6 |  6.1
Throwing       | |  0.5

Action                     |  1- 3 |  4- 6 |  7- 9 || total
---------------------------+-------+-------+-------++-------
  Melee: Hand axe          |    95 |    28 |       ||   123
         Headbutt          |    12 |    13 |    27 ||    52
         Quarterstaff      |       |    46 |    77 ||   123
         Flail             |       |       |   127 ||   127
  Throw: Dart              |       |     1 |    13 ||    14
         Stone             |       |       |     5 ||     5
 Invoke: Berserk           |     1 |     2 |     7 ||    10
    Use: Scroll            |       |     1 |       ||     1
         Potion            |       |       |     8 ||     8
   Stab: Sleeping          |     1 |       |       ||     1
 Armour: Animal skin       |     2 |       |       ||     2
         Ring mail         |    59 |    51 |    69 ||   179
         Leather armour    |       |       |    77 ||    77
         Chain mail        |       |       |    58 ||    58
  Dodge: Dodged            |    46 |    50 |   110 ||   206

Table legend: (Time is in decaauts)
 A = Elapsed time spent in this place.
 B = Non-inter-level travel time spent in this place.
 C = Inter-level travel time spent in this place.
 D = Time resting spent in this place.
 E = Time spent auto-exploring this place.
 F = Levels seen in this place.
 G = Mean time per level.
                   A        B        C        D        E       F      G
               +--------+--------+--------+--------+--------+-----+--------+
         Total |   8881 |   8487 |    394 |   3493 |   4028 |   7 | 1268.7 |
       Dungeon |   8881 |   8487 |    394 |   3493 |   4028 |   7 | 1268.7 |
               +--------+--------+--------+--------+--------+-----+--------+

Top non-repeatable levels by time:
     D:4: 1917 daAuts
     D:6: 1665 daAuts
     D:5: 1513 daAuts
     D:3: 1439 daAuts
     D:7: 860 daAuts
     D:1: 752 daAuts
     D:2: 731 daAuts
